 Dungeon Crawl Stone Soup version 0.18-a0-739-gdae9da8 (webtiles) character file.

300 HAL9000 the Cudgeler (level 6, -2/67 HPs)
             Began as an Ogre Berserker on Dec 10, 2015.
             Was a Follower of Pakellas.
             Slain by a polar bear (3 damage)
             ... created by the rage of Trog
             ... on level 3 of the Dungeon.
             The game lasted 00:09:21 (3372 turns).

HAL9000 the Cudgeler (Ogre Berserker)               Turns: 3372, Time: 00:09:21

Health: -2/67      AC:  3    Str: 18 (23) XL:     6   Next: 36%
Magic:  6/6        EV: 10    Int:  6      God:    Pakellas [*.....]
Gold:   64         SH:  0    Dex: 11      Spells: 0 memorised, 5 levels left

rFire  . . .     SeeInvis .     a - +0 mace
rCold  . . .     Clarity  .     b - +0 animal skin
rNeg   + . .     SustAt   .     (no shield)
rPois  .         Gourm    .     (helmet restricted)
rElec  .         Spirit   .     (no cloak)
rCorr  .         Dismiss  .     (gloves unavailable)
rMut   .         Stasis   .     (boots unavailable)
MR     .....                    (no amulet)
Stlth  +.........               (no ring)
                                e - ring of positive energy

@: not resistant to hostile enchantments, very unstealthy
A: unfitting armour, tough skin 1
a: Quick Charge, Renounce Religion


You were on level 3 of the Dungeon.
You worshipped Pakellas.
Pakellas was aware of your devotion.
You were not hungry.

You visited 1 branch of the dungeon, and saw 3 of its levels.

You collected 64 gold pieces.

Inventory:

Hand Weapons
 a - a +0 mace (weapon)
Missiles
 x - 5 tomahawks (quivered)
Armour
 b - a +0 animal skin (worn)
 j - a +0 shield
Jewellery
 e - a ring of positive energy (left hand)
 o - an uncursed ring of positive energy
Wands
 t - a wand of slowing (25)
Scrolls
 g - 4 scrolls of identify {unknown}
 h - a scroll of magic mapping {unknown}
 l - a scroll of teleportation {unknown}
 m - 2 scrolls of remove curse {unknown}
 q - a scroll of random uselessness {unknown}
 w - a scroll of enchant armour {unknown}
Potions
 d - a potion of magic
Comestibles
 c - 4 bread rations
 i - 2 meat rations
 n - 3 fruits
 p - a slice of pizza
 u - a chunk of flesh
 v - a beef jerky


   Skills:
 - Level 6.2 Fighting
 * Level 7.7 Maces & Flails
 + Level 2.6 Dodging


You had 5 spell levels left.
You didn't know any spells.

Dungeon Overview and Level Annotations

Branches:
Dungeon (3/15)

Altars:
Ashenzari
Elyvilon
Makhleb
Okawaru
Pakellas
Ru
Vehumet
Zin


Innate Abilities, Weirdness & Mutations

You are too large for most types of armour.
You have tough skin (AC +1).


Message History

The polar bear bites you.
The polar bear claws you but does no damage. x2
The black bear closely misses you. The black bear barely misses you.
The black bear closely misses you. The polar bear bites you.
The polar bear barely misses you. The polar bear claws you.
The black bear bites you.
The black bear claws you but does no damage.
The black bear claws you. The polar bear bites you!!
* * * LOW HITPOINT WARNING * * *
The polar bear claws you!
* * * LOW HITPOINT WARNING * * *
The polar bear claws you.
* * * LOW HITPOINT WARNING * * *
You see here a giant gecko corpse.
The black bear rages.
You hear an angry growl.
The polar bear barely misses you. The polar bear claws you!
* * * LOW HITPOINT WARNING * * *
The polar bear claws you.
You die...

..............#
.#####'###############
.#...#.# #.....#
##.#.#.##### #.###.#
...#.#.##...# ##.# #.#
####)###.....##..# #.#
####'##.......#..# ###
......#..._..h.hh#
......#......h#h@#
......##.....##..#
####'####...##...#
#.##.#####....#
#.##..........#
#.##..........#
#.##..........#
#.##..........#
#.........###.#


You could see 2 polar bears and 2 black bears.

Vanquished Creatures
  4 orc wizards
  2 orc priests
  Ijyb (D:3)
  3 adders
  4 giant geckos
  12 orcs
  7 bats
  4 giant cockroaches
  9 hobgoblins
  2 quokkas
  2 giant newts
  9 goblins
  12 jackals
  7 kobolds
  5 rats
83 creatures vanquished.

Vanquished Creatures (others)
  A bat (D:1)
  A goblin (D:1)
2 creatures vanquished.

Grand Total: 85 creatures vanquished

Notes
Turn   | Place    | Note
--------------------------------------------------------------
     0 | D:1      | HAL9000 the Ogre Berserker began the quest for the Orb.
     0 | D:1      | Reached XP level 1. HP: 24/24 MP: 1/1
   158 | D:1      | Reached XP level 2. HP: 28/32 MP: 2/2
  1052 | D:2      | Reached skill level 5 in Maces & Flails
  1100 | D:2      | Reached XP level 3. HP: 35/40 MP: 3/3
  1102 | D:2      | Reached ** piety under Trog
  1497 | D:2      | Reached skill level 5 in Fighting
  1497 | D:2      | Reached XP level 4. HP: 39/50 MP: 4/4
  1800 | D:2      | Reached skill level 6 in Maces & Flails
  1806 | D:2      | Reached XP level 5. HP: 57/57 MP: 5/5
  1977 | D:3      | Noticed Ijyb
  1999 | D:3      | Killed Ijyb
  2079 | D:3      | Reached *** piety under Trog
  2327 | D:3      | Reached skill level 7 in Maces & Flails
  2396 | D:3      | Found an iron altar of Okawaru.
  2397 | D:3      | Found an oddly glowing altar of Pakellas.
  2399 | D:3      | Found a burning altar of Makhleb.
  2399 | D:3      | Found a sacrificial altar of Ru.
  2401 | D:3      | Found a shattered altar of Ashenzari.
  2401 | D:3      | Found a radiant altar of Vehumet.
  2402 | D:3      | Found a white marble altar of Elyvilon.
  2405 | D:3      | Fell from the grace of Trog
  2405 | D:3      | Became a worshipper of Pakellas the Inventive
  2543 | D:3      | Reached XP level 6. HP: 53/67 MP: 6/6
  2596 | D:3      | HP: 3/67 [giant gecko (3)]
  2897 | D:3      | Reached * piety under Pakellas
  3350 | D:3      | Found a glowing silver altar of Zin.
  3369 | D:3      | Noticed a polar bear
  3369 | D:3      | Noticed a polar bear
  3372 | D:3      | HP: 1/67 [polar bear[the rage of Trog] (7)]
  3372 | D:3      | Slain by a polar bear

Vault maps used:
D:1:      minmay_arrival_floating_metal, lemuel_flame_loot_1
D:2:      first_bread
D:3:      lemuel_round_altar, grunt_temple_overflow_open, portal_sewer_entry_f,
          uniq_iyjb

Action                   |  1- 3 |  4- 6 || total
-------------------------+-------+-------++-------
Melee: Mace              |   116 |   151 ||   267
Invok: Berserk           |       |     2 ||     2
  Use: Potion            |       |     4 ||     4
  Eat: Chunk             |     2 |     8 ||    10
